 Dungeon Crawl Stone Soup version 0.21.0 (console) character file.

404 Kloppie the Skirmisher (level 6, -2/58 HPs)
             Began as a Minotaur Fighter on Jan 7, 2018.
             Was a Follower of Qazlal.
             Slain by a killer bee (7 damage)
             ... on level 4 of the Dungeon.
             The game lasted 00:03:50 (2676 turns).

Kloppie the Skirmisher (Minotaur Fighter)           Turns: 2676, Time: 00:03:50

Health: -2/58      AC:  6    Str: 28    XL:     6   Next: 56%
Magic:  5/5        EV:  7    Int:  5    God:    Qazlal [*.....]
Gold:   156        SH: 11    Dex:  9    Spells: 5/5 levels left

rFire    . . .     SeeInvis .   a - +0 war axe
rCold    . . .     Gourm    .   c - +0 shield
rNeg     . . .     Faith    .   b - +0 scale mail
rPois    .         Spirit   .   (helmet restricted)
rElec    .         Reflect  .   (no cloak)
rCorr    .         Harm     .   (no gloves)
MR       .....                  (no boots)
Stlth    ..........             (no amulet)
HPRegen  0.19/turn              (no ring)
MPRegen  0.09/turn              (no ring)

@: mighty, lethally poisoned (-2 -> -6)
A: retaliatory headbutt, horns 2
a: Renounce Religion


You were on level 4 of the Dungeon.
You worshipped Qazlal.
Qazlal was aware of your devotion.
You were not hungry.

You visited 1 branch of the dungeon, and saw 4 of its levels.

You collected 156 gold pieces.

Inventory:

Hand Weapons
 a - a +0 war axe (weapon)
Missiles
 v - a throwing net (quivered)
Armour
 b - a +0 scale mail (worn)
 c - a +0 shield (worn)
 t - a +0 large shield
Jewellery
 g - an uncursed ring of resist corrosion {unknown}
 x - an uncursed ring of protection from fire {unknown}
Wands
 w - a wand of polymorph (11)
Scrolls
 e - 2 scrolls of identify {unknown}
 h - a scroll of fog {unknown}
 j - a scroll of noise {unknown}
 k - 2 scrolls of enchant weapon {unknown}
 l - a scroll of magic mapping {unknown}
 m - 4 scrolls of teleportation {unknown}
 n - a scroll of amnesia {unknown}
 o - a scroll of remove curse {unknown}
 y - a scroll of random uselessness {unknown}
Potions
 d - a potion of might
 p - a potion of ambrosia
 q - a potion of flight
 r - a potion of brilliance {unknown}
 s - 2 potions of heal wounds {unknown}
Comestibles
 f - 9 rations
 i - 6 chunks of flesh


   Skills:
 + Level 6.8 Fighting
 + Level 6.2 Axes
 - Level 3.6 Armour
 - Level 3.6 Shields


You had 5 spell levels left.
You didn't know any spells.

Dungeon Overview and Level Annotations

Branches:
Dungeon (4/15)
 Temple: D:4-7

Altars:
Dithmenos
Gozag
Hepliaklqana
Qazlal
Uskayaw


Innate Abilities, Weirdness & Mutations

You reflexively headbutt those who attack you in melee.
You have a pair of horns on your head.


Message History

You closely miss the killer bee. Your headbutt misses the killer bee.
You feel sick.
The killer bee stings you but does no damage.
You block the killer bee's attack.
You miss the killer bee.
You feel sick. The killer bee closely misses you. x2
You block the killer bee's attack.
You miss the killer bee.
You feel sick. The killer bee stings you.
* * * LOW HITPOINT WARNING * * *
The killer bee barely misses you. You furiously retaliate!
You headbutt the killer bee! You closely miss the adder.
Your headbutt misses the adder. You miss the killer bee.
You feel sick. You block the killer bee's attack.
The killer bee barely misses you. The adder bites you but does no damage.
The killer bee stings you.
* * * LOW HITPOINT WARNING * * *
You block the adder's attack.
You closely miss the adder. You closely miss the killer bee.
* * * LOW HITPOINT WARNING * * *
You feel sick. The killer bee stings you!
You die...

.## ..... ... ....
## .... ... .. .....
...## .####..>#$ #
#...# ......... ...
#.#.# #.....#
.....#.#.#####y....#
.......<...S@yS%...#
>.....########.....#
..... #........ ....
.......!. ###
#########


You could see 2 killer bees and 2 adders.

Vanquished Creatures
  4 killer bees (D:4)
  A howler monkey (D:2)
  A crimson imp (D:3)
  An orc priest (D:3)
  A worker ant (D:3)
  4 adders
  3 dart slugs
  2 leopard geckos (D:2)
  5 orcs (D:3)
  A ball python (D:1)
  9 bats
  5 giant cockroaches
  5 goblins
  7 hobgoblins
  A quokka (D:3)
  4 frilled lizards
  4 kobolds
  13 rats
71 creatures vanquished.

Notes
Turn   | Place    | Note
-------+----------+-------------------------------------------
     0 | D:1      | Kloppie the Minotaur Fighter began the quest for the Orb.
     0 | D:1      | Reached XP level 1. HP: 19/19 MP: 0/0
   169 | D:1      | Reached XP level 2. HP: 27/27 MP: 1/1
  1139 | D:2      | Reached XP level 3. HP: 29/34 MP: 2/2
  1395 | D:2      | Found a stormy altar of Qazlal.
  1479 | D:2      | Found a hazy altar of Hepliaklqana.
  1517 | D:2      | Reached skill level 5 in Fighting
  1517 | D:2      | Reached XP level 4. HP: 42/42 MP: 3/3
  1650 | D:2      | Found an opulent altar of Gozag.
  1773 | D:2      | Became a worshipper of Qazlal Stormbringer
  1813 | D:2      | Found a hide-covered altar of Uskayaw.
  1931 | D:3      | Found a shadowy altar of Dithmenos.
  2238 | D:3      | Reached XP level 5. HP: 49/49 MP: 4/4
  2297 | D:3      | Reached * piety under Qazlal
  2297 | D:3      | Reached skill level 5 in Axes
  2656 | D:4      | Reached XP level 6. HP: 53/57 MP: 5/5
  2676 | D:4      | Slain by a killer bee

Skill      XL: |  1  2  3  4  5  6 |
---------------+-------------------+-----
Fighting       | 4 5 6 |  6.8
Axes           | 3 4 5 6 |  6.2
Armour         | |  3.6
Shields        | |  3.6

Action                   |  1- 3 |  4- 6 || total
-------------------------+-------+-------++-------
Melee: War axe           |    67 |   111 ||   178
       Headbutt          |     9 |    13 ||    22
       Unarmed           |       |     3 ||     3
  Use: Potion            |       |     7 ||     7
  Eat: Chunk             |     2 |     4 ||     6
Armor: Scale mail        |    22 |    38 ||    60
Dodge: Dodged            |    12 |    36 ||    48
Block: Shield            |    26 |    68 ||    94
